 Dungeon Crawl Stone Soup version 0.31-a0-358-gac0dbeb3ab (webtiles) character file.

Game seed: 82535365704038208

3811 Newt the Mimic (level 9, -6/79 HPs)
             Began as a Yellow Draconian Shapeshifter on July 25, 2023.
             Was a Priest of Makhleb.
             Mangled by a vampire (11 damage)
             ... on level 10 of the Dungeon.
             The game lasted 00:09:50 (6743 turns).

Newt the Mimic (Yellow Draconian Shapeshifter)      Turns: 6743, Time: 00:09:51

Health: -6/79      AC:  8    Str: 21    XL:     9   Next: 96%
Magic:  0/18       EV: 17    Int: 10    God:    Makhleb [***...]
Gold:   551        SH:  4    Dex: 11    Spells: 8/8 levels left

rFire   . . .        b - +4 short sword
rCold   . . .        o - +0 buckler
rNeg    . . .        (body armour unavailable)
rPois   .            (helmet restricted)
rElec   .            C - +0 cloak
rCorr   +            (no gloves)
SInv    .            (no boots)
Will    .....        h - amulet of guardian spirit
Stlth   +            m - ring of magical power
HPRegen 0.33/turn    r - +5 ring of evasion
MPRegen 0.16/turn

%: guardian spirit
@: maw-form
A: devouring maw, spit acid, AC +7, unfitting armour, cold-blooded, acid
resistance
a: Breathe Acid, Begin Untransformation, Renounce Religion, Minor Destruction,
Lesser Servant of Makhleb


You were on level 10 of the Dungeon.
You worshipped Makhleb.
Makhleb was most pleased with you.
You were a creature with a mouth for a stomach.
You visited 1 branch of the dungeon, and saw 8 of its levels.

You collected 551 gold pieces.

Inventory:

Hand Weapons
 a - a +1 dagger of venom
 b - a +4 short sword (weapon)
Missiles
 i - 2 poisoned darts
 j - 5 javelins
 t - 3 throwing nets
Armour
 o - a +0 buckler (worn)
 C - a +0 cloak (worn)
Jewellery
 h - an amulet of guardian spirit (around neck)
 k - a ring of positive energy
 m - a ring of magical power (left hand)
 r - a +5 ring of evasion (right hand)
 s - a ring of positive energy
 w - a ring of positive energy
 y - a ring of wizardry
 F - a ring of fire
Talismans
 u - a maw talisman
 v - a beast talisman
Wands
 p - a wand of charming (5)
 B - a wand of flame (33)
 D - a wand of light (7)
Scrolls
 d - a scroll of enchant armour
 e - 3 scrolls of teleportation
 x - a scroll of blinking
 A - a scroll of fear
 E - a scroll of identify
Potions
 c - 3 potions of lignification
 f - 3 potions of degeneration
 l - a potion of enlightenment
 n - a potion of cancellation
 q - a potion of invisibility
 z - a potion of curing


   Skills:
 - Level 7.0 Fighting
 + Level 3.5 Short Blades
 - Level 4.0 Dodging
 - Level 4.0 Shields
 - Level 3.0 Unarmed Combat
 - Level 4.0 Evocations
 - Level 9.0 Shapeshifting


You had 8 spell levels left.
You didn't know any spells.
Your spell library contained the following spells:

 Spells                   Type           Power      Damage    Failure   Level
 Magic Dart               Conj           0%         1d3       43%         1
 Call Imp                 Summ           0%         N/A       56%         2
 Ensorcelled Hibernation  Hex/Ice        0%         N/A       56%         2
 Mephitic Cloud           Conj/Pois/Air  0%         N/A       80%         3
 Portal Projectile        Hex/Tloc       0%         N/A       80%         3
 Tukima's Dance           Hex            0%         N/A       80%         3
 Anguish                  Hex/Necr       0%         N/A       99%         4
 Iskenderun's Mystic Bla  Conj/Tloc      0%         2d3       99%         4


Dungeon Overview and Level Annotations

Branches:
Dungeon (7/15)             Temple (0/1) D:7

Altars:
Ashenzari
Dithmenos
Elyvilon
Makhleb
Vehumet
Wu Jian
The Shining One


Innate Abilities, Weirdness & Mutations

You are a creature with a mouth for a stomach.
Your midsection houses a second, enormous mouth.
You can spit globs of acid.
Your golden yellow scales are hard. (AC +7)
You cannot fit into any form of body armour.
You are cold-blooded and may be slowed by cold attacks.
You are resistant to acid. (rCorr)


Message History

The vampire is severely damaged.
The vampire hits you. The vampire completely misses you.
The vampire casts a spell.
The vampire flickers and vanishes!
There is a stone staircase leading up here.
Something hits you! Something bites you!
Something draws strength from your injuries!
There is a stone staircase leading up, spattered with blood here.
You hit something but do no damage. Something hits you but does no damage.
Something bites you but does no damage.
You closely miss something.
You feel less confused.
You have got your breath back.
Something hits you! Something bites you.
Something draws strength from your injuries!
Something barely misses you. Something bites you!
* * * LOW HITPOINT WARNING * * *
Something draws strength from your injuries!
You feel much better. Something hits you!
Something bites you but does no damage.
You miss something. You tail-slap something.
Something hits you but does no damage. Something bites you!
* * * LOW HITPOINT WARNING * * *
Something draws strength from your injuries!
You closely miss something. You bite something.
Aiming: Bolt of Light
Press: ? - help, Shift-Dir - straight line Something hits you but does no damage.
Something bites you.
* * * LOW HITPOINT WARNING * * *
Something draws strength from your injuries!
Aiming: Bolt of Light
Press: ? - help, Shift-Dir - straight line The bolt of light hits something!
Something draws life force from you!
* * * LOW HITPOINT WARNING * * *
Aiming: Bolt of Light
Press: ? - help, Shift-Dir - straight line The bolt of light hits something!
Something hits you.
* * * LOW HITPOINT WARNING * * *
Something bites you!
You die...

..................
...................#####
...................# #
...................# #
...................#####
....................>...
..........######.#######
..........# #†#######
.......W..######....)...
.......{<..........))...
...................)...<
..........##########....
..........# #....
..........##########....
........................
........................
#########...............


There were no monsters in sight!

Vanquished Creatures
  Grinder (D:5)
  2 vampires
  Sigmund (D:3)
  3 yaks (D:10)
  A water moccasin (D:7)
  Duvessa (D:4)
  An orc warrior (D:6)
  An ice beast (D:7)
  A sky beast (D:7)
  4 ogres
  A phantom (D:6)
  A kobold brigand (D:10)
  2 bullfrogs
  A gnoll sergeant (D:10)
  2 scorpions
  8 wights
  Dowan (D:4)
  3 killer bees (D:10)
  A howler monkey (D:6)
  A quasit (D:6)
  An orc priest (D:6)
  Crazy Yiuf (D:6)
  A jelly (D:4)
  4 gnoll boudas
  2 iguanas (D:5)
  An orc wizard (D:7)
  16 gnolls
  13 adders
  4 shadow imps
  A white imp (D:5)
  An ufetubus (D:5)
  2 worms
  4 dart slugs
  16 orcs
  9 endoplasms
  5 giant cockroaches
  10 goblins
  11 hobgoblins
  7 jackals
  4 quokkas
  7 ball pythons
  4 bats
  2 frilled lizards (D:1)
  A goblin skeleton (D:6)
  2 hobgoblin zombies (D:6)
  15 kobolds
  3 kobold zombies (D:6)
  An orc skeleton (D:6)
  An orc zombie (D:6)
  5 rats
191 creatures vanquished.

Vanquished Creatures (collateral kills)
  A sleepcap (D:5)
  A shadow imp (D:5)
2 creatures vanquished.

Vanquished Creatures (others)
  A vampire mosquito (D:5)
1 creature vanquished.

Grand Total: 194 creatures vanquished

Notes
Turn   | Place    | Note
-------+----------+-------------------------------------------
     0 | D:1      | Newt the Draconian Shapeshifter began the quest for the
                  | Orb.
     0 | D:1      | Reached XP level 1. HP: 16/16 MP: 1/1
   200 | D:1      | Reached XP level 2. HP: 20/24 MP: 2/2
   724 | D:2      | Reached XP level 3. HP: 27/31 MP: 3/3
  1020 | D:2      | Reached skill level 1 in Short Blades
  1128 | D:2      | Found a shadowy altar of Dithmenos.
  1139 | D:2      | Reached XP level 4. HP: 38/40 MP: 4/4
  1460 | D:3      | Noticed Sigmund
  1563 | D:3      | Killed Sigmund
  1564 | D:3      | Reached skill level 4 in Shapeshifting
  1564 | D:3      | Reached XP level 5. HP: 46/46 MP: 5/5
  1714 | D:3      | Reached XP level 6. HP: 49/52 MP: 6/6
  1933 | D:3      | Found an ornate altar of the Wu Jian Council.
  2267 | D:4      | Found a white marble altar of Elyvilon.
  2350 | D:4      | Noticed Duvessa
  2353 | D:4      | Noticed Dowan
  2368 | D:4      | Killed Duvessa
  2369 | D:4      | Reached skill level 5 in Shapeshifting
  2382 | D:4      | Killed Dowan
  2957 | D:5      | Entered Level 5 of the Dungeon
  3076 | D:5      | Found a burning altar of Makhleb.
  3109 | D:5      | Became a worshipper of Makhleb the Destroyer
  3119 | D:5      | Your scales start taking on a golden yellow colour.
  3119 | D:5      | Reached XP level 7. HP: 59/59 MP: 7/7
  3119 | D:5      | Gained mutation: You are resistant to acid. (rCorr) [Yellow
                  | Draconian growth]
  3183 | D:5      | Reached skill level 6 in Shapeshifting
  3446 | D:5      | Noticed Grinder
  3457 | D:5      | Killed Grinder
  3458 | D:5      | Reached skill level 7 in Shapeshifting
  3595 | D:5      | Reached XP level 8. HP: 58/66 MP: 8/8
  4010 | D:5      | Reached * piety under Makhleb
  4012 | D:5      | Reached skill level 1 in Evocations
  4921 | D:6      | Found a glowing golden altar of the Shining One.
  4944 | D:6      | Found a shadowy altar of Dithmenos.
  4972 | D:6      | Reached skill level 8 in Shapeshifting
  4999 | D:6      | Reached XP level 9. HP: 66/71 MP: 9/9
  5091 | D:6      | Reached ** piety under Makhleb
  5177 | D:6      | Found a broken altar of Ashenzari.
  5406 | D:6      | Found a radiant altar of Vehumet.
  5457 | D:6      | Found a runed translucent door.
  5458 | D:6      | Noticed Crazy Yiuf
  5514 | D:6      | Killed Crazy Yiuf
  5783 | D:7      | Reached skill level 9 in Shapeshifting
  5873 | D:7      | Reached skill level 5 in Fighting
  6100 | D:7      | Found a staircase to the Ecumenical Temple.
  6169 | D:7      | You fall into a shaft and drop 3 floors!
  6169 | D:10     | Entered Level 10 of the Dungeon
  6419 | D:10     | Reached skill level 1 in Shields
  6683 | D:10     | Reached *** piety under Makhleb
  6743 | D:10     | Mangled by a vampire

Illustrated notes

Levels and vault maps discovered:
D:1:      tarquinn_simple_flora_water_a, layout_rooms
D:2:      layout_loops_ring, basic_altar
D:3:      layout_basic, nicolae_wu_jian_immortal_techniques, minmay_pentangle,
          uniq_sigmund
D:4:      layout_cave_pools, nicolae_elyvilon_peaceful_grove, uniq_duvessa
D:5:      minmay_skewed_foursquare, layout_loops_corners, bloody_makhleb,
          minmay_crystal_room, grunt_ministairs_7, minmay_chambers_of_fives,
          uniq_grinder
D:6:      cheibrodos_iron_armory, layout_rooms, nicolae_tso_besieged_by_evil,
          mainiacjoe_overflow_catwalk, mainiacjoe_overflow_cross_hatched,
          nicolae_vehumet_radiance, uniq_crazy_yiuf_cottage
D:7:      layout_basic, temple_fountains, kennysheep_generic_room_13
D:10:     layout_long_grid, nicolae_overflow_hidden_temple, grunt_qazlal_clouds,
          david_orc_5, enter_trove_3, chequers_serial_rivers_micro_d,
          minivault_28

Skill      XL: |  1  2  3  4  5  6  7  8  9 |
---------------+----------------------------+-----
Fighting       | 2 3 4 7 |  7.0
Short Blades   | 1 3 |  3.5
Shapeshifting  | 4 5 7 8 9 |  9.0
Dodging        | 3 4 |  4.0
Evocations     | 4 |  4.0
Shields        | 4 |  4.0
Unarmed Combat | |  3.0

Action                     |  1- 3 |  4- 6 |  7- 9 || total
---------------------------+-------+-------+-------++-------
  Melee: Dagger            |   107 |   137 |   220 ||   464
         Unarmed           |     6 |       |       ||     6
         Tailslap          |     6 |    22 |    70 ||    98
         Short sword       |       |       |   212 ||   212
         Maw               |       |       |    32 ||    32
  Throw: Javelin           |       |     6 |       ||     6
Ability: Breathe Acid      |       |       |     9 ||     9
  Evoke: Wand              |       |       |     6 ||     6
    Use: Scroll            |     3 |     8 |     7 ||    18
         Potion            |       |     3 |     2 ||     5
   Stab: Sleeping          |     1 |       |       ||     1
 Armour: Skin              |    25 |    29 |   109 ||   163
  Dodge: Dodged            |    61 |    68 |   319 ||   448
  Block: Buckler           |       |    10 |    76 ||    86
   Form: Maw               |       |       |     1 ||     1

Table legend: (Time is in decaauts)
 A = Elapsed time spent in this place.
 B = Non-inter-level travel time spent in this place.
 C = Inter-level travel time spent in this place.
 D = Time resting spent in this place.
 E = Time spent auto-exploring this place.
 F = Levels seen in this place.
 G = Mean time per level.
                   A        B        C        D        E       F      G
               +--------+--------+--------+--------+--------+-----+--------+
         Total |   6682 |   6415 |    267 |    928 |   4169 |   8 |  835.2 |
       Dungeon |   6682 |   6415 |    267 |    928 |   4169 |   8 |  835.2 |
               +--------+--------+--------+--------+--------+-----+--------+

Top non-repeatable levels by time:
     D:5: 1666 daAuts
     D:6: 937 daAuts
     D:4: 854 daAuts
     D:3: 773 daAuts
     D:2: 699 daAuts
     D:1: 622 daAuts
     D:7: 565 daAuts
    D:10: 562 daAuts
